 Dungeon Crawl Stone Soup version 0.18.1-6-gd335043 (webtiles) character file.

785 Gingerlord the Skirmisher (level 8, -3/63 HPs)
             Began as a Formicid Abyssal Knight on May 17, 2016.
             Was an Elder of Lugonu.
             Slain by an ogre
             ... wielding a +0 giant club
              (5 damage)
             ... on level 4 of the Dungeon.
             The game lasted 00:10:12 (4634 turns).

Gingerlord the Skirmisher (Formicid Abyssal Knight) Turns: 4634, Time: 00:10:13

Health: -3/63      AC:  9    Str: 16      XL:     8   Next: 11%
Magic:  11/11      EV:  8    Int: 13      God:    Lugonu [****..]
Gold:   164        SH:  0    Dex: 10 (12) Spells: 0 memorised, 7 levels left

rFire  . . .     SeeInvis +     a - +1 falchion
rCold  + . .     Gourm    .     h - +0 chain mail
rNeg   . . .     Faith    .     (no shield)
rPois  .         Spirit   .     (helmet unavailable)
rElec  .         Dismiss  .     (no cloak)
rCorr  .         Reflect  .     (no gloves)
SustAt .         Harm     .     (no boots)
MR     .....                    (no amulet)
Stlth  ..........               (no ring)
                                i - ring of protection from cold

@: not resistant to hostile enchantments, extremely unstealthy
A: permanent stasis, dig shafts and tunnels, four strong arms, antennae 3
a: Dig, Shaft Self, Depart the Abyss, Bend Space, Banish, Corrupt, Renounce
Religion


You were on level 4 of the Dungeon.
You worshipped Lugonu.
Lugonu was greatly pleased with you.
You were not hungry.

You visited 1 branch of the dungeon, and saw 4 of its levels.
You visited the Abyss 1 time.
You also visited: Sewer and Ossuary.

You collected 164 gold pieces.

Inventory:

Hand Weapons
 a - a +1 falchion (weapon)
Armour
 h - a +0 chain mail (worn)
Jewellery
 i - a ring of protection from cold (left hand)
Scrolls
 b - 4 scrolls of fear {unknown}
 d - a scroll of remove curse
 k - 3 scrolls of teleportation {unknown}
 o - 2 scrolls of blinking {unknown}
 p - 2 scrolls of recharging {unknown}
 s - a scroll of random uselessness {unknown}
Potions
 e - 5 potions of heal wounds
 g - a potion of might
 l - a potion of invisibility
 m - a potion of haste
 q - a potion of brilliance
 r - 2 potions of flight
 t - a potion of curing {unknown}
Comestibles
 c - 3 bread rations
 f - a slice of pizza
 n - 3 meat rations


   Skills:
 + Level 5.4 Fighting
 + Level 4.1 Long Blades
 + Level 4.5 Armour
 + Level 3.4 Dodging
 + Level 4.8 Invocations


You had 7 spell levels left.
You didn't know any spells.

Dungeon Overview and Level Annotations

Branches:
Dungeon (4/15)
 Temple: D:4-7

Altars:
Cheibriados
Fedhas
Gozag
Pakellas
Qazlal


Innate Abilities, Weirdness & Mutations

You are under a permanent stasis effect.
You can dig through walls and to a lower floor.
Your four strong arms can wield two-handed weapons with a shield.
You have a pair of large antennae on your head (SInv).


Message History

You slash the ogre!
The ogre is moderately wounded.
The ogre hits you but does no damage.
You hit the ogre.
The ogre is heavily wounded.
The ogre hits you with a giant club.
You hit the ogre.
The ogre is severely wounded.
The ogre hits you with a giant club.
You hit the ogre.
The ogre is severely wounded.
The ogre hits you with a giant club!
* * * LOW HITPOINT WARNING * * *
You slash the ogre!
The ogre is almost dead.
The ogre hits you with a giant club!
* * * LOW HITPOINT WARNING * * *
You see here 22 arrows.
The ogre hits you with a giant club.
You die...

***#.........# #####..#####
..##....<....# #.......#
..##.........# ##.....#.#
..##.........#####..###...#
..##...............#...#..#
..##.[........./..###_###.#
####...............#...#..#
***#................###..##
,,,.............@.......##
****,*,....#...O...######
*,***##.........#
**##.#####._.......#####
,,..(............#.....#
***#........(..........#
###############.....#
#######


You could see an ogre.

Vanquished Creatures
  An ice beast (D:3)
  An elf zombie (Ossuary)
  2 big kobolds (Sewer)
  A centaur zombie (Ossuary)
  A human zombie (Ossuary)
  A quasit (D:4)
  A giant frog zombie (D:4)
  A centaur skeleton (D:3)
  2 worker ants (D:4)
  2 big kobold zombies (Ossuary)
  2 mummies (Ossuary)
  2 gnolls
  6 adders
  A river rat (Sewer)
  2 oozes (Sewer)
  2 adder zombies (Ossuary)
  4 worms
  3 dart slugs (D:1)
  2 giant geckos (D:3)
  An orc (D:4)
  6 ball pythons
  2 giant cockroaches (D:3)
  10 goblins
  12 hobgoblins
  18 kobolds
  2 quokkas
  10 bats
  A giant gecko skeleton (D:4)
  4 giant newts
  2 goblin zombies (Ossuary)
  9 hobgoblin zombies (Ossuary)
  A jackal zombie (Ossuary)
  8 kobold zombies (Ossuary)
  9 orc zombies (Ossuary)
  8 rats
  A rat zombie (Ossuary)
141 creatures vanquished.

Notes
Turn   | Place    | Note
--------------------------------------------------------------
     0 | Abyss:1  | Gingerlord the Formicid Abyssal Knight began the quest for the Orb.
     0 | Abyss:1  | Reached XP level 1. HP: 18/18 MP: 2/2
    36 | Abyss:1  | Noticed a neqoxec
    39 | Abyss:1  | Noticed a crimson imp
    39 | D:1      | Escaped the Abyss
    79 | D:1      | Reached skill level 1 in Dodging
    82 | D:1      | Reached XP level 2. HP: 22/24 MP: 3/3
   154 | D:1      | Reached * piety under Lugonu
   434 | D:1      | Reached XP level 3. HP: 11/29 MP: 4/4
  1418 | D:2      | Reached XP level 4. HP: 20/37 MP: 6/6
  1759 | D:2      | Found an opulent altar of Gozag.
  2282 | D:3      | Reached ** piety under Lugonu
  2349 | D:3      | Noticed an ice beast
  2369 | D:3      | Killed an ice beast
  2369 | D:3      | Reached skill level 4 in Fighting
  2369 | D:3      | Reached XP level 5. HP: 29/42 MP: 7/7
  2376 | D:3      | Found a glowing drain.
  2407 | Sewer    | Entered a sewer
  2574 | Sewer    | Reached XP level 6. HP: 48/48 MP: 8/8
  2845 | Sewer    | Reached XP level 7. HP: 50/55 MP: 8/10
  3006 | D:3      | Found a blossoming altar of Fedhas.
  3734 | D:4      | Reached *** piety under Lugonu
  3761 | D:4      | Found a sand-covered staircase.
  3779 | Ossuary  | Entered an ossuary
  4018 | Ossuary  | Reached skill level 5 in Fighting
  4083 | Ossuary  | Reached **** piety under Lugonu
  4137 | Ossuary  | Reached XP level 8. HP: 21/62 MP: 11/11
  4415 | D:4      | Found a stormy altar of Qazlal.
  4588 | D:4      | Found an oddly glowing altar of Pakellas.
  4590 | D:4      | Found a snail-covered altar of Cheibriados.
  4626 | D:4      | HP: 1/63 [ogre/giant club (16)]
  4634 | D:4      | Slain by an ogre

Skill      XL: |  1  2  3  4  5  6  7 |
---------------+----------------------+-----
Dodging        | 1 2 3 |  3.4
Invocations    | 3 4 |  4.8
Fighting       | 4 5 |  5.4
Armour         | 3 4 |  4.5
Long Blades    | 3 4 |  4.1

Action                   |  1- 3 |  4- 6 |  7- 9 || total
-------------------------+-------+-------+-------++-------
Melee: Falchion          |   111 |   184 |   344 ||   639
Invok: Depart the Abyss  |     1 |       |       ||     1
 Abil: Dig               |       |       |     1 ||     1
  Use: Scroll            |       |     5 |     4 ||     9
       Potion            |       |     2 |     3 ||     5
 Stab: Invisible         |       |       |     3 ||     3
  Eat: Chunk             |     1 |     3 |     3 ||     7
       Beef jerky        |       |     1 |       ||     1
       Pizza             |       |       |     1 ||     1
       Bread ration      |       |       |     1 ||     1
Armor: Leather armour    |    34 |       |       ||    34
       Ring mail         |    15 |    28 |       ||    43
       Chain mail        |       |    55 |   279 ||   334
Dodge: Dodged            |    80 |    71 |   143 ||   294
